[Event "*** Titled Tuesday 3|2 Blitz"]
[Site "Chess.com"]
[Date "2016.05.03"]
[Round "6"]
[White "Fariasov-inactive"]
[Black "FLchessplayer"]
[Result "1/2-1/2"]
[WhiteElo "2180"]
[BlackElo "2073"]
[TimeControl "180+2"]
[EndTime "12:15:32 PDT"]
[Termination "Game drawn by repetition"]

1. c4 g6 2. Nc3 Bg7 3. e4 d6 4.
Nge2 Nc6 5. d4 e5 6. d5 Nce7 7. Be3 h6 8. Qd2 f5 9. exf5 gxf5 10.
f4 Nf6 11. h3 Nh5 12. O-O-O Ng6 13. g3 a6 14. Bg2 Rb8 15. Bf3 Nf6 16. fxe5 Nxe5 17.
Nd4 Nxc4 18. Qd3 Nxe3 19. Qxe3+ Kf7 20. Ne6 Qe7 21. Rhe1 Re8 22. Qf4 Kg6 23. g4 fxg4 24. hxg4 Bxe6 25. dxe6 Kh7 26. g5 hxg5 27. Qf5+ Kg8 28.
Nd5 Nxd5 29. Bxd5 c6 30. Bb3 d5 31. Bc2 Bf6 32. Rh1 Rf8 33. Rh7 Bxb2+ 34. Kxb2 Rxf5 35.
Rxe7 Re5 36. Bg6 b5 37. Rh1 Rf8 38. Rf7 Rxe6 39. Rxf8+ Kxf8 40. Bc2 Re2 41. Rh6 c5 42. Rxa6 d4 43. Kc1 c4 44. Rd6 d3 45. Bxd3 cxd3 46. Rxd3 Rxa2 47. Rd5 Rg2 48. Rxb5 Kf7 49. Kd1 Kg6 50.
Ke1 Ra2 51. Kf1 Kh5 52. Kg1 Ra3 53. Kg2 Kh4 54. Rb8 Ra2+ 55. Kg1 g4 56. Rb3 Rc2 57.
Kh1 Ra2 58. Kg1 Kg5 59. Rb5+ Kh4 60. Rb3 g3 61. Rb8 Kg4 62. Rg8+ Kf3 63. Rf8+ Kg4 64. Rg8+ Kf3 65. Rf8+ Kg4 66. Rg8+ Kf3 67. Rf8+ Kg4 68.
Rg8+ Kh3 69. Rh8+ Kg4 70. Rg8+ 1/2-1/2

[Event "*** Titled Tuesday 3|2 Blitz"]
[Site "Chess.com"]
[Date "2016.05.03"]
[Round "6"]
[White "GulamaliRises"]
[Black "Lupul_Cenusiu"]
[Result "0-1"]
[WhiteElo "2570"]
[BlackElo "2445"]
[TimeControl "180+2"]
[EndTime "12:15:43 PDT"]
[Termination "Lupul_Cenusiu won by resignation"]

1. e4 c5 2. d4 cxd4 3. c3 Nf6 4.
e5 Nd5 5. Nf3 e6 6. cxd4 d6 7.
Bc4 Nc6 8. O-O Be7 9. Bd2 O-O 10. Nc3 Nb6 11. Bb3 d5 12. Bc2 Bd7 13. a3 Rc8 14. Bf4 Nc4 15. Qd3 g6 16. Rab1 b5 17.
Bh6 Re8 18. Ne2 b4 19. a4 N6a5 20. g3 Qb6 21. h4 b3 22. Bd1 Bxa4 23. Nc3 Bd7 24.
Ng5 Nc6 25. Ne2 Bf8 26. Bxf8 Rxf8 27. h5 Nb4 28. Qf3 Nd2 29. Qf4 Nxf1 30. Kxf1 Bb5 31. Qh4 Qc7 32. hxg6 fxg6 33. Nxe6 Qf7 34. Nxf8 Rxf8 35.
f4 Nc2 36. Kf2 Bxe2 37. Bxe2 Nxd4 38. Rd1 Nxe2 39. Kxe2 Qc7 40. Rd2 Qc4+ 41. Kf2 Qc1 42. Re2 Qc5+ 43. Kg2 d4 44. e6 d3 45. Rf2 Qd5+ 46. Kh3 Qxe6+ 47. f5 Rxf5 0-1

[Event "*** Titled Tuesday 3|2 Blitz"]
[Site "Chess.com"]
[Date "2016.05.03"]
[Round "6"]
[White "ChadaevNikolay"]
[Black "pKiLz5Rn9b"]
[Result "1-0"]
[WhiteElo "2561"]
[BlackElo "2394"]
[TimeControl "180+2"]
[EndTime "12:15:45 PDT"]
[Termination "ChadaevNikolay won on time"]

1. e4 e6 2. d4 d5 3. Nd2 Nf6 4. e5 Nfd7 5. f4 c5 6. Ngf3 Nc6 7. Nb3 Rb8 8. Be3 b6 9. c3 Be7 10. Be2 Qc7 11. O-O f5 12. Rc1 c4 13. Nbd2 b5 14.
Kh1 g6 15. Rg1 h5 16. Bf2 b4 17. Bh4 Qa5 18. Bxe7 Nxe7 19. Ng5 Nb6 20. Qc2 Bd7 21. cxb4 Qxb4 22. b3 Rc8 23. bxc4 dxc4 24. Rb1 Qa5 25. Bf3 Ned5 26. Bxd5 Nxd5 27. Rb7 Bc6 28. Rg7 Ne3 29. Qc1 h4 30. h3 Qxa2 31. Rxg6 Bd5 32. Nde4 fxe4 33. Qxe3 c3 34. f5 exf5 35. Qf4 c2 36. e6 e3 37. Qxf5 Rf8 38. Rg8 Bxe6 39. Qxf8+ Kd7 40. Qxc8+ Ke7 41. Re8+ 1-0

[Event "*** Titled Tuesday 3|2 Blitz"]
[Site "Chess.com"]
[Date "2016.05.03"]
[Round "6"]
[White "Aygehovit1992"]
[Black "oggy1984"]
[Result "1-0"]
[WhiteElo "2491"]
[BlackElo "2318"]
[TimeControl "180+2"]
[EndTime "12:15:46 PDT"]
[Termination "Aygehovit1992 won on time"]

1. d4 Nf6 2. Bg5 d5 3. Bxf6 exf6 4. e3 c6 5. Nf3 Bd6 6. c4 dxc4 7. Bxc4 O-O 8. Nc3 Nd7 9. O-O f5 10. Qe2 Nf6 11.
h3 Qe7 12. Rfd1 Ne4 13. Rac1 Be6 14. d5 Nxc3 15. Rxc3 cxd5 16. Bxd5 Rac8 17. Bxe6 fxe6 18. Rcd3 Rfd8 19. e4 f4 20. e5 Bc5 21. Qe4 Rxd3 22. Rxd3 g5 23. Rc3 Rd8 24. Qc2 Bb6 25. Kh2 Kg7 26.
h4 h6 27. hxg5 hxg5 28. g4 fxg3+ 29. Kxg3 Rh8 30. Rc8 Rxc8 31. Qxc8 Qf7 32. Qc4 Qf5 33. Qg4 Qxg4+ 34. Kxg4 Bxf2 35. Nxg5 Kg6 36. Nxe6 Be1 37. b3 b5 38. Nf4+ Kf7 39. Kf5 a5 40. e6+ Ke7 41. Nd5+ Kd6 42. e7 Kd7 43. Kf6 Bh4+ 44. Kf7 Bxe7 45.
Nxe7 Kd6 46. Kf6 Kc5 47. Ke5 a4 48. Nd5 axb3 49. axb3 b4 50. Ke4 1-0

[Event "*** Titled Tuesday 3|2 Blitz"]
[Site "Chess.com"]
[Date "2016.05.03"]
[Round "6"]
[White "Philofive"]
[Black "vinceyoung15"]
[Result "1-0"]
[WhiteElo "2360"]
[BlackElo "2142"]
[TimeControl "180+2"]
[EndTime "12:15:53 PDT"]
[Termination "Philofive won by resignation"]

1. d4 d5 2. Bg5 Nf6 3. e3 e6 4. c4 Be7 5. Nc3 h6 6. Bh4 O-O 7. Nf3 b6 8. cxd5 Nxd5 9. Bxe7 Qxe7 10. Nxd5 exd5 11. Qb3 Be6 12. Rc1 c5 13. Qa3 Nd7 14. Bb5 Rfc8 15. O-O Kf8 16. dxc5 Rxc5 17. Nd4 a6 18. Bxd7 Bxd7 19. Rfd1 Rxc1 20. Qxe7+ Kxe7 21. Rxc1 Kd6 22. Kf1 Rc8 23. Rxc8 Bxc8 24. Ke2 a5 25. Nb5+ Kc5 26. Nd4 Ba6+ 27. Kd2 Bc8 28. Kc3 b5 29. Nb3+ Kb6 30. Kd4 Bb7 31. Nc5 Bc6 32. Nd3 Kc7 33. Kc5 b4 34. g3 g5 35. Ne5 Be8 36. Kxd5 f6 37. Nc4 Bf7+ 38. Kc5 Bxc4 39. Kxc4 Kc6 40. e4 g4 41. a3 bxa3 42. bxa3 Kd6 43. Kb5 Ke5 44. Kxa5 Kxe4 45. Kb4 Kf3 46. a4 Kxf2 47. a5 Kg2 48. a6 Kxh2 49. a7 Kxg3 50. a8=Q f5 51. Kc3 f4 52. Kd2 h5 53. Ke1 h4 54.
Kf1 h3 55. Qa2 f3 56. Kg1 Kf4 57. Qf7+ Kg3 58. Qc7+ Kh4 59. Kh2 f2 60. Qg3+ Kg5 61. Qxf2 Kh5 62. Kg3 1-0

[Event "*** Titled Tuesday 3|2 Blitz"]
[Site "Chess.com"]
[Date "2016.05.03"]
[Round "6"]
[White "SmoothAsAHedgehog"]
[Black "AvitalBor"]
[Result "0-1"]
[WhiteElo "2523"]
[BlackElo "2370"]
[TimeControl "180+2"]
[EndTime "12:15:54 PDT"]
[Termination "AvitalBor won by resignation"]

1. Nf3 d5 2. c4 d4 3. b4 g6 4. d3 Bg7 5. g3 e5 6. Bg2 Ne7 7.
O-O a5 8. b5 c5 9. bxc6 Nbxc6 10.
Na3 O-O 11. Rb1 Nb4 12. Bd2 Nxa2 13. Qb3 Nc3 14. Bxc3 dxc3 15. Nb5 Nc6 16. Nxc3 h6 17.
Nd5 a4 18. Qd1 a3 19. Nb6 Ra6 20. Nxc8 Qxc8 21. e4 Rd8 22. Qb3 Bf8 23. Rfd1 Bc5 24. Rd2 Nd4 25. Nxd4 Bxd4 26. Ra2 Rb6 27. Qd1 Rxb1 28.
Qxb1 Bb2 29. Rxb2 axb2 30. Bf1 Qc5 31. Qxb2 b6 32. Kg2 Ra8 33. Be2 Qd4 34. Qxd4 exd4 35. e5 Re8 36. f4 f6 37. Bf3 fxe5 38. Bc6 Re7 39. Kf3 exf4 40. Kxf4 Kg7 41. h4 Kf6 42.
Be4 g5+ 43. hxg5+ hxg5+ 44. Kf3 Re8 45. Bh7 Re3+ 46. Kg4 Re5 47. Kf3 Re1 48. Be4 Re3+ 49. Kg4 Rxe4+ 50. dxe4 Ke5 51. Kxg5 d3 52. g4 d2 53. Kh6 d1=Q 54. g5 Qh1+ 0-1

[Event "*** Titled Tuesday 3|2 Blitz"]
[Site "Chess.com"]
[Date "2016.05.03"]
[Round "6"]
[White "Stameny"]
[Black "kikydu96"]
[Result "1-0"]
[WhiteElo "2406"]
[BlackElo "2283"]
[TimeControl "180+2"]
[EndTime "12:15:54 PDT"]
[Termination "Stameny won by resignation"]

1. d4 d5 2. Bg5 c5 3. dxc5 Qa5+ 4. Nc3 e6 5. e4 h6 6. Bh4 Be7 7.
Bxe7 Nxe7 8. exd5 Nxd5 9. Ne2 O-O 10. Qd2 Rd8 11. O-O-O Qxc5 12. Qd4 Qxd4 13. Rxd4 Nc6 14. Rd2 Nxc3 15. Rxd8+ Nxd8 16. Nxc3 Bd7 17. f3 Kf8 18. Bd3 Ke7 19. Re1 Bc6 20. Be4 Bxe4 21. Rxe4 Nc6 22. b4 Rc8 23. Kb2 a6 24. a3 Kd6 25. Na4 e5 26. Nb6 Rc7 27. c4 Nd4 28. f4 f6 29.
g4 Nf3 30. c5+ Ke6 31. f5+ Kf7 32. h3 Nd4 33. Kc3 h5 34. Kc4 hxg4 35. hxg4 Nb5 36. Re3 g6 37. a4 Nd4 38. fxg6+ Kxg6 39. Nd5 Rh7 40. b5 axb5+ 41. axb5 Kg5 42. Re4 Nf3 43. Re2 Kxg4 44. Nxf6+ 1-0

[Event "*** Titled Tuesday 3|2 Blitz"]
[Site "Chess.com"]
[Date "2016.05.03"]
[Round "6"]
[White "chito89"]
[Black "severomorskij"]
[Result "1-0"]
[WhiteElo "2678"]
[BlackElo "2598"]
[TimeControl "180+2"]
[EndTime "12:15:55 PDT"]
[Termination "chito89 won by resignation"]

1. e4 c5 2. Nf3 Nc6 3. Bb5 d6 4. d4 cxd4 5. Qxd4 a6 6. Bxc6+ bxc6 7. Nc3 e5 8. Qd3 Be7 9. Be3 Nf6 10. O-O-O O-O 11.
h3 Qa5 12. Nd2 Be6 13. Nc4 Qb4 14. Nb6 Rab8 15. a3 Qa5 16. Nc4 Qc7 17. Nxd6 Rfd8 18. Bc5 Bf8 19. f4 Nd7 20. Be3 exf4 21. Bxf4 Nc5 22.
Qg3 Qb6 23. b4 a5 24. bxc5 Qxc5 25. e5 Qxa3+ 26. Kd2 Rb2 27. Rb1 Bf5 28. Rxb2 Qxb2 29. Rc1 Bg6 30. h4 a4 31. Qf3 a3 32. h5 a2 33. Nxa2 Bxh5 34. Qxh5 Qd4+ 35. Ke2 g6 36. Qf3 Bxd6 37. exd6 Re8+ 38. Kf1 Qc4+ 39. Kg1 Qxa2 40. Qxc6 Rd8 41. Bg5 Qa3 42. Rf1 Rxd6 43. Qe8+ 1-0

[Event "*** Titled Tuesday 3|2 Blitz"]
[Site "Chess.com"]
[Date "2016.05.03"]
[Round "6"]
[White "Zhani-Z"]
[Black "BartoszSocko"]
[Result "0-1"]
[WhiteElo "2171"]
[BlackElo "2674"]
[TimeControl "180+2"]
[EndTime "12:15:56 PDT"]
[Termination "BartoszSocko won by resignation"]

1. e4 e6 2. d4 d5 3. Nd2 Nf6 4. e5 Nfd7 5. Bd3 c5 6. c3 b6 7.
Ne2 Ba6 8. Bxa6 Nxa6 9. O-O Nc7 10.
Nf3 Be7 11. Nf4 O-O 12. g3 Rc8 13. h4 f5 14. Ng5 Bxg5 15. hxg5 g6 16. Kg2 Rf7 17.
Rh1 Nf8 18. Rh6 Na6 19. Be3 b5 20. Qe2 cxd4 21. cxd4 Qb6 22. Rah1 Qa5 23. a3 b4 24. Bd2 Qb6 25. Be3 b3 26. Nd3 Rc2 27. Qd1 Qb5 28.
g4 fxg4 29. Nf4 Rxb2 30. Qxg4 Nc7 31. Qh3 Rg7 32. Nxg6 Qd3 33. Nxf8 Qe4+ 34. Kh2 Kxf8 35. Rf6+ Ke7 36. Qh6 Rg8 37. g6 Ne8 38. Qxh7+ Kd8 39. Qxg8 Qxe3 40. Qxe6 Rxf2+ 41. Rxf2 Qxf2+ 42. Kh3 Qf3+ 43. Kh2 b2 44. Rg1 Qf2+ 45. Rg2 Qh4+ 46. Qh3 Qxh3+ 47. Kxh3 b1=Q 48. g7 Qh7+ 49. Kg3 Qxg7+ 0-1

[Event "*** Titled Tuesday 3|2 Blitz"]
[Site "Chess.com"]
[Date "2016.05.03"]
[Round "6"]
[White "JusticeBot"]
[Black "psv98"]
[Result "0-1"]
[WhiteElo "2536"]
[BlackElo "2487"]
[TimeControl "180+2"]
[EndTime "12:16:03 PDT"]
[Termination "psv98 won on time"]

1. e4 e6 2. d4 d5 3. Nd2 a6 4. c3 c5 5. exd5 exd5 6. Ngf3 Nc6 7. Be2 cxd4 8. Nxd4 Nxd4 9. cxd4 Bd6 10. O-O Ne7 11.
Nf3 O-O 12. Ne5 f6 13. Ng4 Bf5 14.
Ne3 Be4 15. Qb3 Qc7 16. g3 Kh8 17. f3 Bg6 18. Nxd5 Nxd5 19. Qxd5 Rfe8 20. Qc4 Bxg3 21. f4 Qe7 22. Bf3 Be1 23. Qd5 Bd3 24. Qxb7 Ra7 25.
Qxe7 Raxe7 26. Bc6 Rc8 27. d5 Bxf1 28. Kxf1 Bb4 29. a3 Re1+ 30. Kf2 Bd2 31. Bxd2 Rxa1 32. Ba5 Rb1 33. b4 Kg8 34. Ke3 Rb3+ 35. Kd4 Rxa3 36.
Kc5 Kf7 37. Kd6 Rd3 38. Kd7 Re8 39. d6 Re7+ 40. Kc8 Rxd6 41. Ba4 Rd3 0-1

[Event "*** Titled Tuesday 3|2 Blitz"]
[Site "Chess.com"]
[Date "2016.05.03"]
[Round "6"]
[White "Zazuliak"]
[Black "spectralsoul"]
[Result "0-1"]
[WhiteElo "2374"]
[BlackElo "2547"]
[TimeControl "180+2"]
[EndTime "12:16:04 PDT"]
[Termination "spectralsoul won by resignation"]

1. d4 Nf6 2. c4 e6 3. Nc3 Bb4 4. Qc2 c5 5. dxc5 Bxc5 6. Nf3 Qb6 7. e3 Qc7 8. Be2 b6 9. O-O a6 10. b3 Bb7 11. Bb2 O-O 12. Rfd1 Be7 13. Rac1 d6 14. Ng5 h6 15. Nge4 Nbd7 16. Bf3 Ne8 17. Ne2 Ne5 18. Bxe5 dxe5 19. Nd2 Ba3 20. Bxb7 Qxb7 21. Rb1 Nf6 22. Qc3 Bd6 23. Ng3 Rfd8 24. Qc2 Bb4 25. Nde4 Ne8 26. Qb2 f5 27. Nc3 Qe7 28. Nce2 Qc5 29. Rbc1 Ba3 30.
Qc2 Bxc1 31. Rxc1 Nf6 32. Nc3 b5 33. Nce2 bxc4 34. bxc4 Rac8 35. h3 h5 36. Qa4 h4 37.
Nf1 Rc6 38. Nh2 Rd2 39. Kf1 Rcd6 40. Nf3 Rb2 41. Nc3 Rb4 42. Qa3 Rxc4 43. Qb3 Rb6 44.
Qc2 Rc6 45. Qb3 Rxc3 46. Qb8+ Rc8 47. Rxc3 Qxc3 48. Qxe5 Qxe5 49. Nxe5 Rc1+ 50. Ke2 Rc2+ 51. Kf3 Ne4 52. Nd3 Rd2 0-1

[Event "*** Titled Tuesday 3|2 Blitz"]
[Site "Chess.com"]
[Date "2016.05.03"]
[Round "6"]
[White "Rickstereo"]
[Black "the_drake"]
[Result "1-0"]
[WhiteElo "2206"]
[BlackElo "2201"]
[TimeControl "180+2"]
[EndTime "12:16:04 PDT"]
[Termination "Rickstereo won by checkmate"]

1. c4 e5 2. Nc3 Nf6 3. Nf3 Nc6 4. d4 e4 5. Nd2 Bb4 6. e3 Bxc3 7. bxc3 d6 8. Be2 O-O 9. O-O Bf5 10. Rb1 Rb8 11. Rb5 Bg6 12. Ba3 Re8 13. c5 Nd5 14. Qc2 dxc5 15. Bxc5 b6 16. Ba3 a6 17. Rb2 Nf6 18.
c4 Nxd4 19. exd4 e3 20. Qc3 exd2 21. Qxd2 Ne4 22. Qe3 Qf6 23. Rd1 Rbd8 24. Qf3 Qg5 25. g3 Nd6 26. Bxd6 Rxd6 27. Rbd2 Rf6 28. Qg2 Be4 29.
Qf1 Bb7 30. h4 Qa5 31. d5 h6 32. Bd3 Qc5 33. Bb1 g5 34. Qd3 Rg6 35. h5 Rg7 36.
Re2 Rxe2 37. Qxe2 Qf8 38. Re1 f6 39. Qe6+ Kh8 40. Bg6 Bc8 41. Qc6 Bg4 42. Re8 Rg8 43. Rxf8 Rxf8 44. Qxc7 Bd7 45. Qxd7 Rd8 46. Qh7# 1-0

[Event "*** Titled Tuesday 3|2 Blitz"]
[Site "Chess.com"]
[Date "2016.05.03"]
[Round "6"]
[White "VSERGUEI"]
[Black "Izoria123"]
[Result "0-1"]
[WhiteElo "2460"]
[BlackElo "2610"]
[TimeControl "180+2"]
[EndTime "12:16:12 PDT"]
[Termination "Izoria123 won on time"]

1. d4 Nf6 2. c4 g6 3. Nc3 d5 4. Nf3 Bg7 5. Bg5 Ne4 6. cxd5 Nxg5 7. Nxg5 e6 8. Qd2 h6 9. Nf3 exd5 10. b4 O-O 11. e3 Be6 12. Be2 Nd7 13. O-O c6 14. b5 c5 15. dxc5 Nxc5 16. Nd4 Qa5 17. Rfd1 Rfd8 18. Rac1 Rac8 19. h3 h5 20. Bf3 Nd7 21.
Be2 Ne5 22. Bf1 Rc7 23. Nce2 Qxd2 24. Rxd2 Rxc1 25. Nxc1 Rc8 26. Ncb3 Rc3 27. Rd1 Nc4 28. Nxe6 fxe6 29. e4 dxe4 30. Bxc4 Rxc4 31. Na5 Ra4 32. Nxb7 Rxa2 33. Nc5 e3 34. fxe3 Bh6 35. Rd8+ Kf7 36. Rd3 Rc2 37. Ne4 Ra2 38. Kf1 Ke7 39. Rc3 Ra5 40.
Rc7+ Kd8 41. Rb7 Bxe3 42. Ke2 Bb6 43. Ng5 Rxb5 44. Nxe6+ Kc8 45. Re7 Re5+ 46. Kf3 Bc5 47. Kf4 Rf5+ 0-1

[Event "*** Titled Tuesday 3|2 Blitz"]
[Site "Chess.com"]
[Date "2016.05.03"]
[Round "6"]
[White "PowerThinking2650"]
[Black "Alexander_Donchenko"]
[Result "0-1"]
[WhiteElo "2184"]
[BlackElo "2646"]
[TimeControl "180+2"]
[EndTime "12:16:14 PDT"]
[Termination "Alexander_Donchenko won by resignation"]

1. e4 c6 2. d4 d5 3. Nc3 dxe4 4. Nxe4 Bf5 5. Ng3 Bg6 6. Nf3 Nd7 7. h4 h6 8. h5 Bh7 9. Bd3 Bxd3 10. Qxd3 e6 11.
Bd2 Ngf6 12. O-O-O Be7 13. Kb1 O-O 14. Qe2 Qb6 15.
Ne5 Rad8 16. f4 c5 17. dxc5 Nxc5 18. Bc1 Nd5 19. Ka1 Na4 20. c4 Nb4 21. Ne4 Qa6 22. a3 Nc6 23. Nxc6 Qxc6 24. g4 f5 25. gxf5 exf5 26.
Ng3 Rde8 27. Qc2 Bf6 28. Nxf5 Nc5 29. Rd5 Ne4 30. Rg1 Kh8 31. Qg2 Qxc4 32. Rd7 Qe6 33.
Rxg7 Qxf5 34. Rg6 Qxh5 35. Rh1 Bh4 36. f5 Ng5 37. Bxg5 hxg5 38. Qxg5 Qxg5 39. Rxg5 Re1+ 40. Rxe1 Bxe1 41. Ka2 Bd2 42. Rg2 Be3 43. Re2 Bc5 44.
Re5 Bd6 45. Rd5 Rf6 0-1

[Event "*** Titled Tuesday 3|2 Blitz"]
[Site "Chess.com"]
[Date "2016.05.03"]
[Round "6"]
[White "Sophiste2"]
[Black "Beca95"]
[Result "1-0"]
[WhiteElo "2781"]
[BlackElo "2566"]
[TimeControl "180+2"]
[EndTime "12:16:21 PDT"]
[Termination "Sophiste2 won by resignation"]

1. e4 d6 2. d4 Nf6 3. Nc3 e5 4. Nf3 Nbd7 5. Bc4 Be7 6. O-O Nb6 7. Bb3 exd4 8. Qxd4 O-O 9. Bg5 Nfd7 10. Bxe7 Qxe7 11. Nd5 Nxd5 12. exd5 Ne5 13. Nxe5 Qxe5 14. Qxe5 dxe5 15.
Rfe1 Re8 16. Re3 Bd7 17. Rae1 f6 18. Rc3 Rac8 19. f4 Kf8 20. fxe5 Rxe5 21. Rxe5 fxe5 22.
Re3 Ke7 23. Rxe5+ Kd6 24. Re3 a5 25. c4 b6 26. Bc2 g6 27. b3 Rf8 28. a4 Rf7 29. h3 Rf8 30. g4 Rf4 31. Kg2 Rd4 32.
Be4 Rd2+ 33. Kg3 Rb2 34. Kf4 Kc5 35. Ke5 Kb4 36. d6 cxd6+ 37. Kxd6 Rd2+ 38. Bd5 Bxa4 39. bxa4 Kxa4 40. Kc6 Kb4 41. Kxb6 a4 42. Kc6 a3 43. c5 a2 44. Rb3+ Ka4 45. Rb8 Rc2 46. Ra8+ Kb4 47. Rb8+ Kc3 48. Ra8 Kb4 49. Rxa2 Rxc5+ 50. Kd6 Rc3 51. Rb2+ Ka5 52. Rb3 Rc8 53. Ke5 Ka4 54.
Rb7 h5 55. g5 Rf8 56. Rf7 1-0

[Event "*** Titled Tuesday 3|2 Blitz"]
[Site "Chess.com"]
[Date "2016.05.03"]
[Round "6"]
[White "Boryboy"]
[Black "wonderfultime"]
[Result "1-0"]
[WhiteElo "2526"]
[BlackElo "2590"]
[TimeControl "180+2"]
[EndTime "12:16:27 PDT"]
[Termination "Boryboy won by resignation"]

1. d4 d5 2. Nf3 c6 3. c4 Nf6 4. e3 Bf5 5. Nc3 e6 6. Nh4 Be4 7. f3 Bg6 8. Qb3 Qc7 9. Bd2 Be7 10.
O-O-O Nbd7 11. Nxg6 hxg6 12. cxd5 cxd5 13. Kb1 a6 14.
Bd3 O-O 15. Rc1 Qb6 16. Qxb6 Nxb6 17. Ne2 Rfc8 18. Rxc8+ Rxc8 19. Rc1 Kf8 20. h3 Ke8 21. b3 Bd6 22. Rxc8+ Nxc8 23. g4 Ne7 24. Kc2 Nc6 25.
Kb2 Bb4 26. Bc1 Ke7 27. a3 Bd6 28. b4 Nd7 29. b5 axb5 30. Bxb5 Na5 31. a4 Nb6 32. e4 Nbc4+ 33. Kc3 Nb6 34. e5 Bc7 35. Ba3+ Kd8 36. Bf8 Nbc4 37. h4 f6 38. f4 fxe5 39. fxe5 Ne3 40. h5 gxh5 41. gxh5 Nf5 42. Bxg7 Ke7 43.
Bf6+ Kf7 44. Nf4 Nc6 45. Bxc6 bxc6 46. Ne2 Bb6 47. Kd3 Ba5 48. Nf4 Bb6 49. Ne2 Ba5 50. Bg5 Bb6 51. Bd2 Ng7 52. h6 Nf5 53. a5 Ba7 54. a6 Kg6 55. Bb4 Kxh6 56. Bc5 Bb8 57. Nf4 1-0

[Event "*** Titled Tuesday 3|2 Blitz"]
[Site "Chess.com"]
[Date "2016.05.03"]
[Round "6"]
[White "AndrewMcStone"]
[Black "chesstatour"]
[Result "1-0"]
[WhiteElo "1991"]
[BlackElo "2020"]
[TimeControl "180+2"]
[EndTime "12:16:37 PDT"]
[Termination "AndrewMcStone won by resignation"]

1. d4 Nf6 2. Bg5 Ne4 3. Bf4 d5 4. e3 Bf5 5. Bd3 e6 6. Nf3 Bd6 7. Bxd6 Qxd6 8. O-O Nd7 9. c4 c6 10. Nc3 O-O 11. Rc1 Rae8 12. Qc2 Ndf6 13. Ne5 Nxc3 14.
Bxf5 exf5 15. bxc3 Ng4 16. Nxg4 fxg4 17. Qf5 Qg6 18. Qxg6 hxg6 19. c5 f5 20. Rb1 Re7 21. Rb3 g5 22. Rfb1 Rff7 23. Kf1 f4 24. Ke2 Kh7 25. Kd3 Kg6 26. a4 Kf5 27. a5 g3 28.
hxg3 fxg3 29. f3 g4 30. e4+ dxe4+ 31. fxe4+ Kg5 32. d5 Rd7 33. d6 Kf6 34. Kd4 Ke6 35. R3b2 Rf2 36. Rxf2 gxf2 37. g3 Rf7 38. Rf1 Rf3 39.
c4 a6 40. e5 Rxg3 41. Rxf2 Rf3 42. Rg2 Rf4+ 43. Kd3 g5 44. Rh2 g3 45. Rh7 Kxe5 46.
Re7+ Kf6 47. Re1 g2 48. d7 g1=Q 49. d8=Q+ Kg6 50. Rxg1 Rd4+ 51. Qxd4 1-0

[Event "*** Titled Tuesday 3|2 Blitz"]
[Site "Chess.com"]
[Date "2016.05.03"]
[Round "6"]
[White "jsdbv"]
[Black "Mischuk_D"]
[Result "1-0"]
[WhiteElo "2326"]
[BlackElo "2461"]
[TimeControl "180+2"]
[EndTime "12:16:41 PDT"]
[Termination "jsdbv won on time"]

1. e4 c5 2. d4 cxd4 3. c3 Nf6 4. e5 Nd5 5. Nf3 Nc6 6. cxd4 d6 7. Be2 dxe5 8. dxe5 Ndb4 9. Qxd8+ Nxd8 10.
Na3 Ndc6 11. O-O Bf5 12. Rd1 a6 13. Bf4 e6 14. Nc4 Nd5 15. Bg3 Rd8 16. Rac1 h6 17. a3 Be7 18. Nd6+ Bxd6 19. exd6 O-O 20. Bxa6 bxa6 21. Rxc6 a5 22. Nd4 Bg6 23. Ra6 Ra8 24.
Rxa8 Rxa8 25. Nc6 Nf6 26. d7 Nxd7 27. Rxd7 Kh7 28. h4 a4 29. Ra7 Rc8 30. Ne5 Rc1+ 31. Kh2 Rc2 32. Nxf7 Rxb2 33. Nd6 Re2 34. Rxa4 Bc2 35.
Ra7 Kg6 36. a4 Kf6 37. a5 e5 38.
Ne8+ Kf5 39. Nxg7+ Ke4 40. a6 Bd3 41. Re7 Bxa6 42.
Rxe5+ Kd4 43. Nf5+ Kd3 44. Rxe2 Kxe2 45. Nxh6 Kd3 46.
Ng4 Ke4 47. h5 Kf5 48. Kh3 Kg5 49. Ne3 Kxh5 50. Be5 Bb7 51. g4+ Kg5 52. f4+ Kg6 53.
f5+ Kg5 54. Kg3 Be4 55. Bf4+ Kf6 56. g5+ Kf7 57. Kg4 Bd3 58. g6+ Kf6 59. Nd5+ Kg7 60.
Kg5 Bc4 61. f6+ Kg8 62. f7+ Kf8 63. Bd6+ 1-0

[Event "*** Titled Tuesday 3|2 Blitz"]
[Site "Chess.com"]
[Date "2016.05.03"]
[Round "6"]
[White "Anton_Demchenko"]
[Black "platy3"]
[Result "0-1"]
[WhiteElo "2654"]
[BlackElo "2659"]
[TimeControl "180+2"]
[EndTime "12:16:48 PDT"]
[Termination "platy3 won on time"]

1. e4 c5 2. Nf3 e6 3. d4 cxd4 4.
Nxd4 a6 5. Bd3 Ne7 6. O-O Nbc6 7. c3 g6 8. Bf4 e5 9. Nxc6 Nxc6 10. Be3 Bg7 11. Nd2 d6 12. Nc4 Be6 13. Nb6 Rb8 14. Qd2 O-O 15. Rfd1 Qc7 16. Be2 Rbd8 17. Nd5 Qd7 18. a4 Ne7 19. Nb6 Qc7 20. Bf3 Kh8 21.
a5 Qb8 22. Nd5 Nxd5 23. exd5 Bd7 24. Be2 f5 25. f4 Rfe8 26. Bf3 Rc8 27. Re1 Bb5 28.
g3 Qc7 29. Kg2 Qf7 30. h4 h5 31. Rac1 Bc4 32. Qd1 e4 33. Be2 Bxd5 34. c4 Bc6 35.
Qxd6 Rcd8 36. Qb4 Bd4 37. Qd2 Bxe3 38. Qxe3 Rd3 39. Qc5 e3+ 40. Kg1 Rd2 41. Rcd1 Qd7 42. Kf1 Kg7 43. b4 Qe7 44. Qxe7+ Rxe7 45. Rxd2 exd2 46.
Rd1 Rd7 47. b5 axb5 48. cxb5 Be4 49. a6 bxa6 50. bxa6 Bc2 51. a7 Bxd1 52. Bxd1 Rxa7 53. Ke2 Ra3 0-1

[Event "*** Titled Tuesday 3|2 Blitz"]
[Site "Chess.com"]
[Date "2016.05.03"]
[Round "6"]
[White "NaziPaiki"]
[Black "LyonBeast"]
[Result "0-1"]
[WhiteElo "2691"]
[BlackElo "2795"]
[TimeControl "180+2"]
[EndTime "12:16:58 PDT"]
[Termination "LyonBeast won by resignation"]

1. d4 Nf6 2. c4 g6 3. Nc3 d5 4.
cxd5 Nxd5 5. Bd2 Bg7 6. e3 O-O 7. Nf3 c5 8. Bc4 Nb6 9. Be2 cxd4 10. exd4 Nc6 11. Be3 Bg4 12. O-O Bxf3 13. Bxf3 Nxd4 14. Bxb7 Rb8 15. Be4 Nc4 16. Na4 Nxe3 17. fxe3 Ne6 18. Bd5 Qd6 19. Bb3 Qe5 20. Qf3 Bh6 21. Rae1 Rb4 22. Nc3 Kg7 23. Bxe6 Qxe6 24. Re2 Bg5 25. Kh1 h5 26. e4 Qe5 27. g3 e6 28. a3 Rb3 29.
Rd1 Rb7 30. Kg2 h4 31. Rc2 hxg3 32. hxg3 Rd8 33. Rxd8 Bxd8 34. Rd2 Bg5 35. Rf2 a5 36. Nd1 Bf6 37. Nc3 Rd7 38. Qf4 g5 39. Qf3 Bd8 40.
Rc2 Bb6 41. Ne2 Rd1 42. Qc3 Qxc3 43. Nxc3 Rd3 44. Nb5 Kf6 45. Rc6 Bd4 46. Nxd4 Rxd4 47. Kf3 Rd3+ 48. Kg2 Rd2+ 49. Kh3 Rxb2 50. Rc5 Re2 51.
Rxa5 Rxe4 52. g4 Re3+ 53. Kg2 Kg6 54. Ra6 Rb3 55. a4 Ra3 56. a5 Kf6 57. Ra8 Ke5 58.
a6 Kf4 59. a7 Kxg4 60. Kf2 f5 61. Ke2 f4 62. Kd2 f3 63. Ke1 Kg3 64. Rg8 f2+ 65. Ke2 Ra2+ 66. Ke3 f1=Q 0-1

[Event "*** Titled Tuesday 3|2 Blitz"]
[Site "Chess.com"]
[Date "2016.05.03"]
[Round "6"]
[White "Hikaru"]
[Black "Gevorg_Harutjunyan"]
[Result "1/2-1/2"]
[WhiteElo "2853"]
[BlackElo "2619"]
[TimeControl "180+2"]
[EndTime "12:17:00 PDT"]
[Termination "Game drawn by repetition"]

1. c4 Nf6 2. Nc3 g6 3. e4 d6 4. d4 Bg7 5. f3 O-O 6. Bg5 c5 7. d5 b5 8. Nxb5 Qb6 9. Qd2 Nbd7 10. Ne2 Rb8 11. Rb1 a6 12. Nbc3 Ne5 13. b3 e6 14. Ng3 exd5 15. Bxf6 Bxf6 16. Nxd5 Qd8 17. Nxf6+ Qxf6 18. Be2 h5 19. O-O h4 20. Nh1 Nc6 21. Bd3 Nd4 22. Qe3 Re8 23. f4 Bd7 24. Nf2 Qg7 25. Rbe1 f5 26. Qd2 Bc6 27. Re3 Rb7 28.
Rfe1 Rbe7 29. Kh1 Qh6 30. Nh3 fxe4 31. Ng5 h3 32. Rxh3 Qg7 33. Rh7 exd3 34. Rxg7+ Kxg7 35. Rxe7+ Rxe7 36. Kg1 Re2 37. Qxd3 Rxg2+ 38. Kf1 Rxa2 39. Qc3 Bg2+ 40. Ke1 Re2+ 41. Kd1 Rc2 42. Qe3 Re2 43. Qc3 Rc2 44. Qg3 Rc1+ 45. Kxc1 Ne2+ 46. Kd2 Nxg3 47. hxg3 Bc6 48. Ke3 Kf6 49. Ne4+ Ke6 50. g4 a5 51. Nc3 Bd7 52. Ke4 Bc6+ 53. Ke3 Bd7 54. Nd5 Bc6 55.
Nc7+ Kd7 56. Nb5 d5 57. f5 gxf5 58. gxf5 dxc4 59. bxc4 a4 60. Na3 Ke7 61. Kf4 Kf6 62. Nc2 Bd7 63. Ne3 Bc6 64. Nc2 Bd7 65. Ne3 Bc6 66.
Nc2 1/2-1/2